 Dungeon Crawl Stone Soup version 0.19-a0-1827-g174f941 (webtiles) character file.

68920 Ijustatesigmund the Covert (level 14, -1/75 HPs)
             Began as a Spriggan Assassin on Oct 6, 2016.
             Was a High Priest of Okawaru.
             Slain by a very large slime creature (28 damage)
             ... on level 15 of the Dungeon on Oct 7, 2016.
             The game lasted 01:55:29 (27415 turns).

Ijustatesigmund the Covert (Spriggan Assassin)     Turns: 27415, Time: 01:55:30

Health: -1/75      AC: 17    Str: 11    XL:     14   Next: 88%
Magic:  28/30      EV: 32    Int: 14    God:    Okawaru [*****.]
Gold:   820        SH: 12    Dex: 28    Spells: 3 memorised, 28 levels left

rFire  . . .     SeeInvis +     t - +10 dagger of Tibbydopn {speed, *Noise rN++ MR+}
rCold  + . .     Gourm    .     L - quicksilver dragon armour
rNeg   + + .     Faith    .     S - +1 buckler {reflect}
rPois  .         Spirit   .     x - +1 hat "Neshrulen" {Str+4}
rElec  .         Dismiss  .     T - +1 cloak {rC+}
rCorr  .         Reflect  +     (gloves unavailable)
MR     ++++.     Harm     .     (boots unavailable)
Stlth  +++++++...               (no amulet)
                                n - +5 ring of dexterity
                                R - ring of flight

@: heroism, very quick
A: unfitting armour, see invisible, agile 1, herbivore 3, speed 3, slow
metabolism 2
a: Heroism, Finesse, Renounce Religion, Evoke Flight


You were on level 15 of the Dungeon.
You worshipped Okawaru.
Okawaru was extremely pleased with you.
You were not hungry.

You visited 4 branches of the dungeon, and saw 21 of its levels.
You also visited: Sewer, Ice Cave and Volcano.

You collected 2103 gold pieces.
You spent 1283 gold pieces at shops.

Inventory:

Hand Weapons
 b - a +3 blowgun
 c - a +6 quick blade
 i - the +10 morningstar "Eos" {elec, Halo rElec}
   (You took it off a goblin on level 4 of the Dungeon)

   Occasionally, upon striking a foe, it will discharge some electrical energy
   and cause terrible harm.
   It insulates you from electricity.
 t - the +10 dagger of Tibbydopn (weapon) {speed, *Noise rN++ MR+}
   (You found it on level 4 of the Dungeon)

   Attacks with this weapon are significantly faster.
   It greatly protects you from negative energy.
   It affects your resistance to hostile enchantments.
   It may make noises in combat.
Missiles
 e - 78 poisoned needles
 f - 4 curare-tipped needles
 j - 39 tomahawks
 p - 6 steel tomahawks (quivered)
 W - 8 needles of confusion
 Z - 2 throwing nets
Armour
 r - a +0 troll leather armour
 x - the +1 hat "Neshrulen" (worn) {Str+4}
   (Okawaru gifted it to you on level 13 of the Dungeon)

   It affects your strength (+4).
 z - a +0 animal skin
 L - a quicksilver dragon armour (worn)
 S - a +1 buckler of reflection (worn)
 T - a +1 cloak of cold resistance (worn)
Jewellery
 n - a +5 ring of dexterity (right hand)
 q - an uncursed ring of wizardry
 N - an uncursed ring of fire
 O - an uncursed amulet of dismissal
 R - a ring of flight (left hand)
Wands
 d - a wand of acid (5/15)
 y - a wand of confusion (1/48)
 A - a wand of iceblast (3/15)
 D - a wand of slowing (30/48)
 I - a wand of disintegration (2/24)
Scrolls
 a - a scroll of fog
 w - 6 scrolls of remove curse
 E - a scroll of immolation
 G - a scroll of fear
 K - 3 scrolls of identify
 P - a scroll of amnesia
 U - 8 scrolls of teleportation
 V - 2 scrolls of blinking
 Y - 3 scrolls of recharging
Potions
 h - 3 potions of might
 k - 3 potions of brilliance
 l - 2 potions of cancellation
 m - 6 potions of curing
 o - 6 potions of heal wounds
 s - 3 potions of magic
 u - a potion of mutation
 v - a potion of agility
 B - 3 potions of lignification
 C - 3 potions of haste
 F - a potion of flight
 H - 3 potions of berserk rage
 X - a potion of cure mutation
Books
 M - a book of Frost

   Spells                             Type                      Level
   a - Freeze                         Ice                          1
   b - Throw Frost                    Conjuration/Ice              2
   c - Ozocubu's Armour               Charms/Ice                   3
   d - Throw Icicle                   Conjuration/Ice              4
   e - Summon Ice Beast               Ice/Summoning                4
Comestibles
 g - 4 bread rations
 J - 10 fruits
 Q - a slice of pizza


   Skills:
 * Level 9.3(14.3) Fighting
 - Level 10.0(15.0) Short Blades
 - Level 6.4(11.4) Throwing
 - Level 6.4(11.4) Armour
 - Level 10.0(15.0) Dodging
 - Level 14.5(19.5) Stealth
 - Level 5.2(10.2) Shields
 + Level 11.0 Spellcasting
 - Level 4.6 Conjurations
 - Level 4.1 Translocations
 - Level 4.0 Fire Magic
 - Level 9.0 Invocations
 - Level 4.4 Evocations


You had 28 spell levels left.
You knew the following spells:

 Your Spells              Type           Power        Failure   Level  Hunger
a - Conjure Flame         Conj/Fire      ###.....     12%         3    None
b - Apportation           Tloc           ###.......   4%          1    None
c - Inner Flame           Hex/Fire       ##......     28%         3    None


Dungeon Overview and Level Annotations

Branches:
Dungeon (15/15)            Temple (1/1) D:4            Lair (3/6) D:8
  Swamp (0/4) Lair:2       Spider (0/4) Lair:3          Orc (2/2) D:11
    Elf (0/3) Orc:2        Vaults (0/5) D:13
 Depths: D:15

Altars:
Ashenzari
Cheibriados
Dithmenos
Elyvilon
Fedhas
Gozag
Hepliaklqana
Kikubaaqudgha
Makhleb
Okawaru
Qazlal
Ru
Sif Muna
Trog
Uskayaw
Vehumet
Xom
Yredelemnul
Zin
The Shining One
Beogh

Shops:
D:11 }   Orc:1 }   Orc:2 *?*!

Annotations:
D:6 Avanven's ghost, novice OgHu
Lair:3 Amnesiac's ghost, journeyman TrMo


Innate Abilities, Weirdness & Mutations

You are very small and have problems with some larger weapons.
You are too small for most types of armour.
You have supernaturally acute eyesight. (SInv)
You are a herbivore.
You cover ground extremely quickly.
You need consume almost no food.
You are agile. (Dex +2)


Message History

The very large slime creature is lightly wounded.
You hit the very large slime creature.
The very large slime creature is lightly wounded.
You hit the very large slime creature.
The very large slime creature is lightly wounded.
You hit the very large slime creature.
The very large slime creature is lightly wounded.
The crimson imp blinks!
You puncture the very large slime creature!
The very large slime creature is moderately wounded.
You gain the combat prowess of a mighty hero.
You hit the very large slime creature.
The very large slime creature is moderately wounded.
The very large slime creature hits you!!
You puncture the very large slime creature!
The very large slime creature is moderately wounded.
You hit the very large slime creature but do no damage.
The very large slime creature is moderately wounded.
The very large slime creature hits you!!
You die...

..............# #..............
..............# #..............
..............# #..#####.......
..............# #..'...#.......
...##'###.....# #..#...#.......
...#....#.....# #..#...#....###
...#....#.....# #..#...#....#..
...#....#.)...#####..#####....#..
...#....#))...†J@.............#..
...#....#...##########.(......#..
##(#....#...# #........#..
#.#....#...# #........#.. #.#
#...# #........### #.# #J..#
#...........
#.######.5.##########...........
#......J....................####
#..........................)#...


You could see a very large slime creature.

Vanquished Creatures
  An orc warlord (Orc:2)
  A stone giant (Orc:1)
  3 vault guards (D:13)
  The ghost of Avanven the Destroyer, a journeyman DgCj (Volcano)
  A fire dragon (Lair:2)
  Fannar (Lair:3)
  A hydra (Lair:1)
  4 centaur warriors
  A catoblepas (D:9)
  Nergalle (D:11)
  4 unseen horrors
  4 wizards
  2 necromancers (D:13)
  A lindwurm (Lair:3)
  4 hill giants
  2 orc knights
  3 deep elf magi
  A wolf spider zombie (D:15)
  21 ugly things
  3 orc sorcerers
  2 manticores
  2 cyclopes
  Joseph (D:10)
  A black mamba (Lair:2)
  2 spiny frogs
  3 gargoyles
  8 polar bears (IceCv)
  A molten gargoyle (Volcano)
  5 komodo dragons
  3 kobold demonologists (D:12)
  5 trolls
  2 hornets
  A two-headed ogre (D:10)
  8 hippogriffs
  8 slime creatures
  A meliai zombie (D:13)
  35 yaks
  A shadow (D:13)
  17 humans (D:13)
  2 wyverns
  A fire elemental (Volcano)
  A fire bat (Volcano)
  2 steam dragons
  A hungry ghost (D:13)
  3 vampire mosquitoes (D:13)
  7 wargs
  3 soldier ants
  10 water moccasins
  Duvessa (D:7)
  2 porcupines
  3 sky beasts
  10 ice beasts
  3 black bears
  37 orc warriors
  3 phantoms
  10 wolves
  7 ogres
  2 necrophages
  15 centaurs
  2 crocodiles
  5 big kobolds
  11 bullfrogs
  A wyvern zombie (D:8)
  A water moccasin zombie (D:12)
  4 scorpions
  Dowan (D:7)
  21 killer bees
  4 wights (D:12)
  7 howler monkeys
  2 centaur zombies
  9 crimson imps
  2 jellies
  2 quasits
  A gnoll shaman (Orc:1)
  3 bullfrog skeletons
  2 bullfrog zombies
  6 hounds
  16 orc priests
  23 orc wizards
  6 centaur skeletons
  4 iguanas
  Natasha (twice) (D:4)
  13 worker ants
  2 killer bee zombies
  A worker ant zombie (D:11)
  6 gnolls
  A howler monkey skeleton (D:11)
  24 adders
  4 river rats (D:8)
  2 shadow imps
  3 oozes
  An adder skeleton (D:4)
  4 worms
  A dart slug (D:1)
  4 leopard geckos
  106 orcs
  2 bat zombies (D:5)
  5 giant cockroaches
  11 goblins
  8 hobgoblins
  13 jackals
  3 quokkas
  3 ball pythons (Sewer)
  19 bats
  7 frilled lizards
  A giant cockroach zombie (D:5)
  29 kobolds
  A leopard gecko zombie (D:5)
  2 quokka skeletons
  17 rats
  A butterfly (Lair:2)
  A fire vortex (Volcano)
  A fungus (D:8)
720 creatures vanquished.

Vanquished Creatures (collateral kills)
  A polar bear (IceCv)
  A yak (IceCv)
  A wolf (IceCv)
3 creatures vanquished.

Vanquished Creatures (others)
  5 orc warriors (Orc:2)
  3 orcs (Orc:2)
  A bush (Lair:3)
  5 fungi
  A plant (Lair:1)
15 creatures vanquished.

Grand Total: 738 creatures vanquished

Notes
Turn   | Place    | Note
-------+----------+-------------------------------------------
     0 | D:1      | Ijustatesigmund the Spriggan Assassin began the quest for the Orb.
     0 | D:1      | Reached XP level 1. HP: 10/10 MP: 2/2
    90 | D:1      | Reached skill level 6 in Stealth
   453 | D:1      | Reached XP level 2. HP: 13/14 MP: 3/3
  1508 | D:2      | Reached XP level 3. HP: 18/18 MP: 4/4
  1851 | D:2      | Reached skill level 7 in Stealth
  1973 | D:2      | Reached XP level 4. HP: 22/22 MP: 5/5
  2342 | D:3      | Reached XP level 5. HP: 25/25 MP: 6/6
  2367 | D:3      | Reached skill level 5 in Short Blades
  2892 | D:3      | Reached skill level 8 in Stealth
  2933 | D:4      | Reached XP level 6. HP: 12/30 MP: 7/7
  3114 | D:4      | Found a staircase to the Ecumenical Temple.
  3121 | Temple   | Entered the Ecumenical Temple
  3151 | Temple   | Became a worshipper of Warmaster Okawaru
  4155 | D:4      | Found a bloodstained altar of Trog.
  4160 | D:4      | Got an ancient dagger
  4161 | D:4      | Identified the +10 dagger of Tibbydopn {speed, *Noise rN++ MR+} (You found it on level 4 of the Dungeon)
  4470 | D:4      | Reached XP level 7. HP: 35/35 MP: 8/8
  4490 | D:4      | Reached * piety under Okawaru
  4548 | D:4      | Noticed Natasha
  4554 | D:4      | Killed Natasha
  4554 | D:4      | Reached skill level 5 in Dodging
  4788 | D:4      | Noticed Natasha
  4790 | D:4      | Found a snail-covered altar of Cheibriados.
  4796 | D:4      | Killed Natasha
  4852 | D:4      | Found a burning altar of Makhleb.
  4926 | D:5      | Entered Level 5 of the Dungeon
  5082 | D:5      | Reached ** piety under Okawaru
  5107 | D:5      | Found a blossoming altar of Fedhas.
  5205 | D:5      | Found an ancient bone altar of Kikubaaqudgha.
  5299 | D:5      | Reached skill level 1 in Invocations
  5332 | D:5      | Found a stormy altar of Qazlal.
  5438 | D:6      | Reached XP level 8. HP: 42/42 MP: 8/10
  5500 | D:6      | Found a glowing drain.
  5532 | Sewer    | Entered a sewer
  6293 | D:6      | Reached skill level 5 in Fighting
  6599 | D:6      | Noticed Avanven's ghost (novice OgHu)
  7050 | D:6      | Found a glowing silver altar of Zin.
  7248 | D:7      | Noticed a hippogriff
  7252 | D:7      | Noticed Dowan
  7256 | D:7      | Noticed Duvessa
  7275 | D:7      | Killed a hippogriff
  7275 | D:7      | Reached XP level 9. HP: 46/47 MP: 13/13
  7286 | D:7      | Killed Dowan
  7286 | D:7      | Reached *** piety under Okawaru
  7332 | D:7      | Killed Duvessa
  7671 | D:7      | Reached skill level 9 in Stealth
  7765 | D:7      | Found a shattered altar of Ashenzari.
  8154 | D:8      | Reached skill level 10 in Stealth
  8206 | D:8      | Reached **** piety under Okawaru
  8514 | D:8      | Found a staircase to the Lair.
  8524 | D:8      | Reached skill level 11 in Stealth
  8527 | Lair:1   | Entered Level 1 of the Lair of Beasts
  8633 | Lair:1   | Got a slimy hand axe
  8634 | Lair:1   | Identified the cursed +0 hand axe "Killer Klown's Bane" {chop, Str+2} (You found it on level 1 of the Lair of Beasts)
  8975 | Lair:1   | Reached XP level 10. HP: 35/51 MP: 11/14
  9167 | Lair:1   | Reached skill level 12 in Stealth
  9237 | Lair:1   | Noticed a four-headed hydra
  9254 | Lair:1   | Noticed a spiny frog
  9960 | D:9      | Reached ***** piety under Okawaru
  9972 | D:9      | Reached skill level 5 in Invocations
 10204 | D:9      | Found a blossoming altar of Fedhas.
 10357 | D:9      | Noticed a catoblepas
 10388 | D:9      | Killed a catoblepas
 10388 | D:9      | Reached skill level 13 in Stealth
 10408 | D:9      | Received a gift from Okawaru
 10408 | D:9      | Reached skill level 10 in Short Blades
 10602 | D:9      | Noticed a manticore
 10626 | D:9      | Killed a manticore
 10626 | D:9      | Reached skill level 1 in Armour
 10709 | D:9      | Found an opulent altar of Gozag.
 10719 | D:9      | Found a radiant altar of Vehumet.
 10775 | D:10     | Entered Level 10 of the Dungeon
 11193 | D:10     | Reached XP level 11. HP: 56/56 MP: 17/17
 11410 | D:10     | Noticed Joseph
 11432 | D:10     | Killed Joseph
 12292 | D:11     | Noticed Nergalle
 12320 | D:11     | Killed Nergalle
 12331 | D:11     | Noticed a brown ugly thing
 12333 | D:11     | Found a staircase to the Orcish Mines.
 12514 | D:11     | Killed a brown ugly thing
 13292 | D:11     | Found an opulent altar of Gozag.
 13600 | D:11     | Found Icso's Gadget Boutique.
 13603 | D:11     | Noticed a hill giant
 13624 | D:11     | Killed a hill giant
 13624 | D:11     | Reached skill level 5 in Armour
 13624 | D:11     | Reached skill level 1 in Spellcasting
 13653 | D:11     | Noticed a cyan ugly thing
 13659 | D:11     | Noticed a red ugly thing
 13681 | D:11     | Killed a cyan ugly thing
 13717 | D:11     | Killed a red ugly thing
 13894 | D:12     | Found a frozen archway.
 13973 | D:12     | Noticed an unseen horror
 13992 | D:12     | Killed an unseen horror
 14229 | IceCv    | Entered an ice cave
 14246 | IceCv    | Reached skill level 5 in Spellcasting
 14250 | IceCv    | Reached XP level 12. HP: 54/60 MP: 18/20
 14287 | IceCv    | Received a gift from Okawaru
 14413 | IceCv    | Received a gift from Okawaru
 14686 | IceCv    | Reached skill level 1 in Evocations
 14691 | IceCv    | Learned a level 3 spell: Conjure Flame
 14849 | IceCv    | Noticed a frost giant
 14868 | IceCv    | Reached skill level 1 in Shields
 15076 | D:12     | Reached skill level 14 in Stealth
 15297 | D:12     | Gained mutation: You are agile. (Dex +2) [potion of beneficial mutation]
 15890 | D:13     | Identified the Incunabulum of the Last Wars
 15903 | D:13     | Noticed a centaur warrior
 15907 | D:13     | Noticed a centaur warrior
 15917 | D:13     | Killed a centaur warrior
 15932 | D:13     | Killed a centaur warrior
 16101 | Orc:1    | Entered Level 1 of the Orcish Mines
 16101 | Orc:1    | Found Yhuopu's Gadget Shop.
 16101 | Orc:1    | Found a roughly hewn altar of Beogh.
 16385 | Orc:2    | Entered Level 2 of the Orcish Mines
 16471 | Orc:1    | Noticed an orc warlord
 16529 | Orc:2    | Killed an orc warlord
 16529 | Orc:2    | Reached skill level 5 in Throwing
 16538 | Orc:2    | Received a gift from Okawaru
 16597 | Orc:2    | Reached XP level 13. HP: 44/64 MP: 23/23
 17172 | Orc:2    | Reached skill level 5 in Shields
 17999 | Orc:1    | Upgraded the game from 0.19-a0-1821-g42c593c to 0.19-a0-1827-g174f941
 18002 | Orc:1    | Learned a level 1 spell: Apportation
 18512 | Orc:1    | Reached skill level 1 in Translocations
 18524 | Orc:1    | Reached skill level 1 in Fire Magic
 18548 | Orc:2    | Reached skill level 1 in Conjurations
 19040 | Orc:2    | Noticed a stone giant
 19096 | Orc:1    | Killed a stone giant
 19096 | Orc:1    | Reached ****** piety under Okawaru
 19905 | Orc:2    | Found Jumpex's Assorted Antiques.
 19905 | Orc:2    | Found Sushaol's Magic Scroll Emporium.
 19907 | Orc:2    | Found Lyrchaur's General Store.
 19909 | Orc:2    | Found Sylefaw's Distillery.
 19914 | Orc:2    | Bought a scroll of teleportation for 39 gold pieces
 19914 | Orc:2    | Bought a scroll of identify for 26 gold pieces
 19914 | Orc:2    | Bought a scroll of teleportation for 39 gold pieces
 19914 | Orc:2    | Bought a scroll of identify for 26 gold pieces
 19916 | Orc:2    | Bought a scroll of identify for 22 gold pieces
 19921 | Orc:2    | Bought a potion of cure mutation for 375 gold pieces
 20030 | Orc:2    | Found a staircase to the Elven Halls.
 20279 | Orc:2    | Bought a scroll of recharging for 104 gold pieces
 20279 | Orc:2    | Bought a scroll of enchant weapon for 82 gold pieces
 20281 | Orc:2    | Bought a scroll of recharging for 123 gold pieces
 20281 | Orc:2    | Bought a scroll of blinking for 97 gold pieces
 20282 | Orc:2    | Bought a scroll of identify for 46 gold pieces
 20282 | Orc:2    | Bought a large pearl ring for 115 gold pieces
 20284 | Orc:2    | Bought a potion of heal wounds for 75 gold pieces
 20284 | Orc:2    | Bought a potion of heal wounds for 75 gold pieces
 20300 | Orc:2    | Bought a scroll of remove curse for 39 gold pieces
 20870 | Lair:1   | Received a gift from Okawaru
 21245 | Lair:2   | Found a hazy altar of Hepliaklqana.
 21890 | Lair:2   | Found a staircase to the Swamp.
 22052 | Lair:2   | Noticed a fire dragon
 22074 | Lair:2   | Killed a fire dragon
 22400 | Lair:3   | Noticed Fannar
 22409 | Lair:3   | Killed Fannar
 22455 | Lair:3   | Found a dark tunnel.
 22628 | Volcano  | Entered a volcano
 22646 | Volcano  | Noticed Avanven's ghost (journeyman DgCj)
 22693 | Volcano  | Found a radiant altar of Vehumet.
 22771 | Volcano  | Killed Avanven's ghost
 22955 | Lair:3   | Noticed Amnesiac's ghost (journeyman TrMo)
 22997 | Lair:3   | Found a hole to the Spider Nest.
 23253 | Lair:1   | Learned a level 3 spell: Inner Flame
 23333 | D:13     | Found a stormy altar of Qazlal.
 23356 | D:13     | Reached XP level 14. HP: 68/68 MP: 27/27
 23431 | D:13     | Received a gift from Okawaru
 23434 | D:13     | Got a scorched hat {god gift}
 23440 | D:13     | Identified the +1 hat "Neshrulen" {Str+4} (Okawaru gifted it to you on level 13 of the Dungeon)
 24656 | D:13     | Reached skill level 10 in Dodging
 24886 | D:13     | Found a gate to the Vaults.
 25493 | D:14     | Found a glowing golden altar of the Shining One.
 25897 | D:14     | Reached skill level 10 in Spellcasting
 26116 | D:14     | Found a glowing golden altar of the Shining One.
 26198 | D:15     | Entered Level 15 of the Dungeon
 27200 | D:15     | Received a gift from Okawaru
 27415 | D:15     | Slain by a very large slime creature

Vault maps used:
D:1:      minmay_arrival_jagged
D:2:      first_bread
D:3:      minmay_misc_feat_square, corexii_item_surrounded_by_moat
D:4:      corexii_shack_village, makhleb_heckhound_becter,
          lemuel_coloured_pillars_altar, serial_forest,
          infiniplex_forest_straight_2, infiniplex_forest_lined_3_way,
          infiniplex_forest_straight_1, infiniplex_forest_straight_2,
          infiniplex_forest_straight_2, infiniplex_forest_straight_5,
          infiniplex_forest_clump_tiny, infiniplex_forest_clump_cross,
          bloody_trog, uniq_natasha
D:5:      lemuel_zombie_altar_kikubaaqudgha, nicolae_overflow_crystal_walls,
          lemuel_round_altar, interstate_on_off
D:6:      lemuel_doored_altar, portal_sewer_entry_a, kennysheep_another_room,
          minmay_misc_feat_four_crosses
D:7:      kennysheep_mini_moat, uniq_duvessa
D:8:      grunt_lair_entry_orc_guard_hut, hangedman_pestilent_swarm
D:9:      amethyst_overflow_temple_binary, basic_altar, hex_large
D:10:     uniq_joseph
D:11:     david_orc_2, serial_shops, nicolae_shop_crystal,
          nicolae_gozag_cash_rules_everything_around_me, uniq_nergalle
D:12:     portal_ice_cave_entry_ice_beasts, evilmike_minifort
D:13:     cheibrodos_quadrivalence, grunt_vaults_entry_tiered, basic_altar
D:14:     basic_altar, tso_altar, nicolae_sextant, serial_park_tiny_2,
          minmay_strange_pillars
D:15:     grunt_enter_depths_snipers, basic_altar, minivault_11
Temple:   chequers_temple_sunken
Lair:2:   dragon1_lemuel, swamp_mist, basic_altar, lemuel_fruit_fields,
          grunt_megastairs_3
Lair:3:   dummy_spider_entry, nicolae_volcano_entry_vermiform,
          eino_small_chamber_without_monster, beast_lair_carwin_8, uniq_snorg,
          uniq_fannar
Orc:1:    serial_shops, nicolae_shop_trees, mines2_david
Orc:2:    st_orc_rangers
Sewer:    sewer_co_tree
IceCv:    ice_cave_small_giant
Volcano:  volcano_grotto

Skill      XL: |  1  2  3  4  5  6  7  8  9 10 11 12 13 14 |
---------------+-------------------------------------------+-----
Stealth        | 6 7 8 11 13 14 | 14.5
Short Blades   | 3 4 5 6 8 10 | 10.0
Dodging        | 3 6 9 10 | 10.0
Fighting       | 2 4 5 9 |  9.3
Invocations    | 1 4 7 9 |  9.0
Armour         | 2 6 |  6.4
Spellcasting   | 5 6 8 11 | 11.0
Evocations     | 4 |  4.4
Shields        | 4 5 |  5.2
Throwing       | 5 6 |  6.4
Translocations | 4 |  4.1
Fire Magic     | 4 |  4.0
Conjurations   | 4 |  4.6

Action                   |  1- 3 |  4- 6 |  7- 9 | 10-12 | 13-15 || total
-------------------------+-------+-------+-------+-------+-------++-------
Melee: Dagger            |   126 |   167 |   522 |  1331 |  1957 ||  4103
       Punch             |       |       |     5 |    10 |       ||    15
       Hand axe          |       |       |    24 |       |       ||    24
 Fire: Blowgun           |     2 |     6 |    10 |    51 |    27 ||    96
Throw: Tomahawk          |       |     8 |    10 |    26 |    10 ||    54
 Cast: Apportation       |       |       |       |       |    22 ||    22
Invok: Heroism           |       |       |     5 |    14 |    26 ||    45
       Finesse           |       |       |       |     2 |     5 ||     7
 Abil: Evoke Flight      |       |       |       |       |     1 ||     1
Evoke: Wand              |       |       |       |    13 |    18 ||    31
  Use: Scroll            |     5 |     6 |    13 |    14 |    11 ||    49
       Potion            |       |     3 |       |     5 |    13 ||    21
 Stab: Sleeping          |    11 |    12 |    15 |    17 |    12 ||    67
       Distracted        |       |     1 |     5 |     7 |     8 ||    21
       Petrifying        |       |       |       |     1 |       ||     1
       Petrified         |       |       |       |     1 |       ||     1
  Eat: Bread ration      |       |     1 |       |       |       ||     1
       Royal jelly       |       |       |       |     3 |     7 ||    10
       Pizza             |       |       |       |     1 |       ||     1
       Fruit             |       |       |       |     3 |       ||     3
Armor: Robe              |    14 |    11 |    26 |     5 |       ||    56
       Quicksilver drago |       |       |       |   112 |    79 ||   191
Dodge: Dodged            |    61 |   103 |   302 |   601 |   550 ||  1617
Block: Buckler           |       |       |       |    93 |   376 ||   469
       Reflection        |       |       |       |     8 |    40 ||    48
